 Dungeon Crawl Stone Soup version 0.22-a0-388-g09e6169 (webtiles) character file.

179 Mgcat the Insei (level 5, -3/33 HPs)
             Began as an Octopode Transmuter on Apr 29, 2018.
             Slain by a gnoll
             ... wielding a +0 spear
              (8 damage)
             ... on level 2 of the Dungeon.
             The game lasted 00:04:36 (1963 turns).

Mgcat the Insei (Octopode Transmuter)               Turns: 1963, Time: 00:04:37

Health: -3/33      AC:  1    Str:  9    XL:     5   Next: 59%
Magic:  6/8        EV: 13    Int: 17    God:
Gold:   45         SH:  0    Dex: 12    Spells: 2/8 levels left

rFire    . . .     SeeInvis .     - Unarmed
rCold    . . .     Gourm    .   (no shield)
rNeg     + . .     Faith    .   (helmet restricted)
rPois    .         Spirit   .   (no amulet)
rElec    .         Reflect  .   e - ring of positive energy {rN+}
rCorr    .         Harm     .   (no ring)
MR       .....                  (no ring)
Stlth    ++........             (no ring)
HPRegen  0.11/turn              (no ring)
MPRegen  0.11/turn              (no ring)
                                (no ring)
                                (no ring)

@: appendage
A: almost no armour, stealthy swim, amphibious, 8 rings, constrict 8, tentacle
spike 3, camouflage 1, gelatinous body 1
a: End Transformation


You were on level 2 of the Dungeon.
You were not hungry.
One of your tentacles had a temporary spike.
You visited 1 branch of the dungeon, and saw 2 of its levels.

You collected 45 gold pieces.

Inventory:

Missiles
 a - 8 arrows
 g - 39 stones (quivered)
 i - 2 throwing nets {=f, !d}
Jewellery
 e - a ring of positive energy (left tentacle) {rN+}
   (You found it on level 1 of the Dungeon)
Scrolls
 f - 2 scrolls of remove curse {unknown}
 h - 2 scrolls of identify {unknown}
Potions
 b - a potion of might {unknown}
 d - a potion of heal wounds
Comestibles
 c - 2 rations
 j - a chunk of flesh {@w0}


   Skills:
 - Level 1.0 Fighting
 - Level 2.0 Dodging
 + Level 4.4 Unarmed Combat
 - Level 2.0 Spellcasting
 + Level 3.8 Transmutations
 + Level 2.5 Poison Magic


You had 2 spell levels left.
You knew the following spells:

 Your Spells              Type           Power        Failure   Level  Hunger
a - Beastly Appendage     Tmut           ##....       4%          1    #......
b - Sticks to Snakes      Tmut           ##......     6%          2    ###....
c - Spider Form           Tmut/Pois      ##........   16%         3    ###....


Dungeon Overview and Level Annotations

Branches:
Dungeon (2/15)

Altars:


Innate Abilities, Weirdness & Mutations

You cannot wear most types of armour.
You are very stealthy in the water. (Stealth+)
You are amphibious.
You can wear up to eight rings at the same time.
You can use your tentacles to constrict eight enemies at once.
Your skin changes colour to match your surroundings (Stealth+).
Your rubbery body absorbs attacks. (AC +1, EV +1)
One of your tentacles bears a large vicious spike.


Message History

Confirm with . or Enter, or press ? or * to list all spells.
You fail to extend your transformation any further.
The giant cockroach closely misses you.
You tentacle-slap the giant cockroach. Your grab misses the giant cockroach.
The giant cockroach is severely wounded.
The giant cockroach closely misses you.
You barely miss the giant cockroach. Your grab misses the giant cockroach.
You kill the giant cockroach!
No target in view!
No target in view!
Your transformation is almost over.
Found a stone staircase leading down.
There is a stone staircase leading down here.
You see here a helmet.
Your tentacle spike disappears.
There is a stone staircase leading up here.
You see here a club.
Some of the chunks of flesh in your inventory have rotted away.
A gnoll comes into view. It is wielding a flail.
Casting: Beastly Appendage (safe; 4% risk of failure)
Confirm with . or Enter, or press ? or * to list all spells.
One of your tentacles grows a vicious spike.
The gnoll hits you with a flail.
You tentacle-slap the gnoll. You grab the gnoll.
The gnoll is lightly wounded.
You constrict the gnoll, but do no damage.
The gnoll hits you with a flail.
You tentacle-slap the gnoll but do no damage.
The gnoll is lightly wounded.
You constrict the gnoll, but do no damage.
You tentacle-slap the gnoll.
The gnoll is lightly wounded.
You constrict the gnoll. The gnoll barely misses you.
You tentacle-slap the gnoll. You squeeze the gnoll.
The gnoll is severely wounded.
You constrict the gnoll. The gnoll hits you with a flail!
You are too injured to fight recklessly!
You are too injured to fight recklessly!
You are too injured to fight recklessly!
You are too injured to fight recklessly!
You are too injured to fight recklessly!
You tentacle-slap the gnoll but do no damage.
You pierce the gnoll, but do no damage.
You tentacle-slap the gnoll, but do no damage.
You squeeze the gnoll, but do no damage.
The gnoll is severely wounded.
You constrict the gnoll. The gnoll barely misses you.
You tentacle-slap the gnoll.
You kill the gnoll!
Your transformation is almost over.
Your tentacle spike disappears.
Some of the chunks of flesh in your inventory have rotted away.
A gnoll comes into view.
The gnoll moves out of view.
You see here a flail.
A gnoll comes into view.
The gnoll shouts!
A gnoll comes into view. It is wielding a spear.
Casting: Beastly Appendage (safe; 4% risk of failure)
Confirm with . or Enter, or press ? or * to list all spells.
You create a snake!
You now have 8 arrows.
The gnoll shouts!
The gnoll misses you. The gnoll misses you.
The gnoll hits you from afar with a spear!
The gnoll hits your ball python.
Your ball python dies!
You see here a flail.
Casting: Sticks to Snakes (safe; 6% risk of failure)
Confirm with . or Enter, or press ? or * to list all spells.
One of your tentacles grows a vicious spike.
The gnoll hits you!
You closely miss the gnoll. You grab the gnoll.
You pierce the gnoll.
The gnoll is moderately wounded.
You constrict the gnoll. You tentacle-slap the gnoll.
You pierce the gnoll, but do no damage.
The gnoll is heavily wounded.
You constrict the gnoll. The gnoll closely misses you.
You tentacle-slap the gnoll.
The gnoll is almost dead.
You constrict the gnoll.
You kill the gnoll!
You tentacle-slap the gnoll. You grab the gnoll.
The gnoll is moderately wounded.
You constrict the gnoll, but do no damage.
The gnoll barely misses you.
You tentacle-slap the gnoll.
The gnoll is moderately wounded.
You constrict the gnoll, but do no damage.
The gnoll completely misses you.
The gnoll hits you from afar with a spear!
* * * LOW HITPOINT WARNING * * *
You tentacle-slap the gnoll.
The gnoll is severely wounded.
You constrict the gnoll. The gnoll completely misses you.
The gnoll hits you but does no damage.
You tentacle-slap the gnoll.
You kill the gnoll!
The gnoll hits you from afar with a spear!
You die...

.... ##.### #.####
#.... .. ##### ##
##### #.# ## .... #.#
.# #.. #.# ##### .#
#g# #.# ##.... g##.##
#†####.## ###.....
...gg.
###.#@##...####....#.#
......
..###..#..........#.#
#..g..
###.#..##.#...####.#.#
.... #...##......#
#.#.# ###
#.#.#####.#.# #.#.# .P
#.##.###.##.# #.#.# .
#. ##...## .# #.#.# #
##.## .# #.#.# #.# .#
.#


You could see a gnoll.

Vanquished Creatures
  A howler monkey (D:2)
  Robin (D:2)
  6 gnolls (D:2)
  2 adders
  A dart slug (D:1)
  8 bats
  3 giant cockroaches
  11 goblins
  8 hobgoblins (D:2)
  4 jackals (D:2)
  A quokka (D:2)
  2 ball pythons (D:2)
  4 frilled lizards
  3 kobolds
  5 rats
60 creatures vanquished.

Notes
Turn   | Place    | Note
-------+----------+-------------------------------------------
     0 | D:1      | Mgcat the Octopode Transmuter began the quest for the Orb.
     0 | D:1      | Reached XP level 1. HP: 13/13 MP: 3/3
   220 | D:1      | Reached XP level 2. HP: 14/18 MP: 3/5
   239 | D:1      | Learned a level 2 spell: Sticks to Snakes
   831 | D:1      | HP: 4/18 [adder (4)]
   835 | D:1      | Reached XP level 3. HP: 18/23 MP: 1/6
   857 | D:1      | HP: 5/23 [poisoned by an adder]
   865 | D:1      | HP: 4/23 [poisoned by an adder]
  1161 | D:2      | Reached skill level 3 in Transmutations
  1166 | D:2      | Learned a level 3 spell: Spider Form
  1249 | D:2      | Noticed Robin
  1263 | D:2      | Killed Robin
  1263 | D:2      | Reached skill level 1 in Poison Magic
  1263 | D:2      | Reached XP level 4. HP: 14/28 MP: 3/7
  1271 | D:2      | Reached skill level 4 in Unarmed Combat
  1274 | D:2      | HP: 6/28 [goblin[Robin] (4)]
  1691 | D:2      | Reached skill level 2 in Poison Magic
  1691 | D:2      | Reached XP level 5. HP: 33/33 MP: 4/8
  1798 | D:2      | Noticed a moth of wrath
  1961 | D:2      | HP: 5/33 [gnoll/spear (7)]
  1963 | D:2      | Slain by a gnoll

Vault maps used:
D:1:      onia_arrival_pyramid
D:2:      tgw_trog, serial_aquarium, aquarium_bridge_square,
          aquarium_window_corner, aquarium_window_corridor_1, aquarium_view_2b,
          aquarium_view_2d, aquarium_balcony_5a, uniq_robin

Skill      XL: |  1  2  3  4 |
---------------+-------------+-----
Transmutations | 3 |  3.8
Poison Magic   | 1 2 |  2.5
Unarmed Combat | 4 |  4.4
Fighting       | |  1.0
Dodging        | |  2.0
Spellcasting   | |  2.0

Action                   |  1- 3 |  4- 6 || total
-------------------------+-------+-------++-------
Melee: Unarmed           |    58 |    69 ||   127
       Constrict         |    16 |    18 ||    34
       Kick              |    10 |    14 ||    24
       Tentacles         |     6 |     6 ||    12
       Punch             |     1 |     4 ||     5
Throw: Stone             |     7 |     5 ||    12
 Cast: Beastly Appendage |    19 |    17 ||    36
       Sticks to Snakes  |     2 |     2 ||     4
  Use: Potion            |     1 |       ||     1
 Stab: Sleeping          |     3 |     1 ||     4
  Eat: Chunk             |     2 |     2 ||     4
Armor: Skin              |     8 |     3 ||    11
Dodge: Dodged            |    42 |    50 ||    92

Table legend:
 A = Spawn XP
 B = Non-spawn XP
 C = Spawn XP percentage of total XP
 D = Spawn monster count
 E = Non-spawn monster count
 F = Spawn count percentage of total count
 G = Total turns spent on level
                    A         B        C        D         E        F      G
               +---------+---------+-------+---------+---------+-------+---------
         Total |       0 |     256 |   0.0 |       0 |      60 |   0.0 |  1963
               +---------+---------+-------+---------+---------+-------+---------
           D:1 |       0 |      37 |   0.0 |       0 |      16 |   0.0 |  1135
           D:2 |       0 |     219 |   0.0 |       0 |      44 |   0.0 |   828
               +---------+---------+-------+---------+---------+-------+---------

Vault maps used:
D:1:      onia_arrival_pyramid
D:2:      tgw_trog, serial_aquarium, aquarium_bridge_square,
          aquarium_window_corner, aquarium_window_corridor_1, aquarium_view_2b,
          aquarium_view_2d, aquarium_balcony_5a, uniq_robin

Table legend:
 A = Turns spent in this place as a percentage of turns spent in the entire game.
 B = Non-inter-level travel turns spent in this place as a percentage of non-inter-level travel turns spent in the entire game.
 C = Inter-level travel turns spent in this place as a percentage of turns spent in this place.
 D = Turns resting spent in this place as a percentage of non-inter-level travel turns spent in this place.
 E = Turns spent auto-exploring this place as a percentage of non-inter-level travel turns spent in this place.
 F = Non-inter-level travel turns spent in this place divided by the number of levels of this place that you've seen.
                   A       B       C       D       E      F
               +-------+-------+-------+-------+-------+----------------------
         Total | 100.0 | 100.0 |   2.3 |   3.8 |  75.9 | 959.0
       Dungeon | 100.0 | 100.0 |   2.3 |   3.8 |  75.9 | 959.0
               +-------+-------+-------+-------+-------+----------------------

Table legend:
 A = Kills in this place as a percentage of kills in entire the game.
 B = Kills by you in this place as a percentage of kills by you in the entire game.
 C = Kills by friends in this place as a percentage of kills by friends in the entire game.
 D = Other kills in this place as a percentage of other kills in the entire game.
 E = Experience gained in this place as a percentage of experience gained in the entire game.
 F = Experience gained in this place divided by the number of levels of this place that you have seen.
                   A       B       C       D       E      F
               +-------+-------+-------+-------+-------+----------------------
         Total | 100.0 | 100.0 |   N/A |   N/A | 100.0 | 128.0
       Dungeon | 100.0 | 100.0 |   N/A |   N/A | 100.0 | 128.0
               +-------+-------+-------+-------+-------+----------------------
